 Dungeon Crawl Stone Soup version 0.29.1-15-g9cfb28693d (webtiles) character file.

Game seed: 18425521780082837442

8 Heoruswealwe the Digger (level 2, -3/15 HPs)
             Began as a Deep Elf Earth Elementalist on Apr 18, 2023.
             Slain by a gnoll
             ... wielding a +0 club
              (9 damage)
             ... on level 1 of the Dungeon.
             The game lasted 00:02:36 (257 turns).

Heoruswealwe the Digger (DEEE)                       Turns: 257, Time: 00:02:37

Health: -3/15      AC:  2    Str:  5    XL:     2   Next: 0%
Magic:  1/8        EV: 12    Int: 19    God:
Gold:   15         SH:  0    Dex: 15    Spells: 5/8 levels left

rFire   . . .      SeeInvis .   (no weapon)
rCold   . . .      Faith    .   (no shield)
rNeg    . . .      Spirit   .   a - +0 robe
rPois   .          Reflect  .   (no helmet)
rElec   .          Harm     .   (no cloak)
rCorr   .          Rampage  .   (no gloves)
Will    .....                   (no boots)
Stlth   ++........              (no amulet)
HPRegen 0.05/turn               (no ring)
MPRegen 0.11/turn               (no ring)

@: no status effects
A: no striking features
a: no special abilities


You were on level 1 of the Dungeon.
You visited 1 branch of the dungeon, and saw 1 of its levels.

You collected 15 gold pieces.

Inventory:

Armour
 a - a +0 robe (worn)
Scrolls
 d - a scroll of amnesia {unknown}
 e - a scroll of identify {unknown}
 f - a scroll of fog {unknown}
Potions
 b - a potion of magic
 c - a potion of lignification {unknown}


   Skills:
 - Level 2.4 Dodging
 - Level 2.4 Stealth
 + Level 3.5 Spellcasting
 - Level 1.1 Transmutations
 + Level 3.6 Earth Magic


You had 5 spell levels left.
You knew the following spells:

 Your Spells              Type           Power      Damage    Failure   Level
a - Sandblast             Erth           34%        2d9       3%          1
z - Passwall              Tmut/Erth      10%        N/A       9%          2

Your spell library contained the following spells:

 Spells                   Type           Power      Damage    Failure   Level
 Stone Arrow              Conj/Erth      20%        3d8       21%         3
 Petrify                  Tmut/Erth      12%        N/A       50%         4


Dungeon Overview and Level Annotations

Branches:
Dungeon (1/15)

Altars:


Message History

The blast of sand misses the bat.
The bat closely misses you.
The blast of sand misses the bat.
The bat hits you but does no damage. x2
The bat barely misses you.
The blast of sand misses the bat.
The bat hits you.
The blast of sand hits the bat.
You kill the bat!
Found a dagger.
You now have 15 gold pieces (gained 11).
Found a book of Alchemy.
A frilled lizard comes into view.
The frilled lizard hisses angrily.
A gnoll comes into view. It is wielding a +0 club.
You see here a +0 ring mail.
You can't see any susceptible monsters within range! (Use Z to cast anyway.)
The blast of sand hits the frilled lizard!
You kill the frilled lizard!
You have reached level 2!
Memorise Passwall, consuming 2 spell levels and leaving 5?
You start memorising the spell.
You continue memorising.
The gnoll shouts!
You continue memorising.
You finish memorising.
Spell assigned to 'b'.
Adjust (i)tems, (s)pells, or (a)bilities?
Adjust which spell? b - Passwall Adjust to which letter? z - Passwall You can't see any susceptible monsters within range! (Use Z to cast anyway.)
The blast of sand misses the gnoll.
A hobgoblin comes into view.
The blast of sand hits the gnoll.
The gnoll is lightly wounded.
The blast of sand hits the gnoll!
The gnoll is heavily wounded.
The gnoll hits you with a +0 club. x2
The gnoll attacks as you move away! The gnoll closely misses you.
The gnoll drinks a potion.
The gnoll seems to speed up.
The gnoll attacks as you move away! The gnoll hits you with a +0 club!
Ouch! That really hurt!
You die...

#.#...)####.#
#.#....)..#.#
#.#.........#
#.#.†..##.### #
#......##.# #
#.#.#....##.#
#.#.#.......#.#
#.....#######.#
#....[.g..g@..#
#.......#######
......).......#
####.....#.##.#
.......:#..#
.###+.###.... #
.. ###.# #.# .#
#. #


You could see a gnoll (fast) and a hobgoblin.

Vanquished Creatures
  A dart slug (D:1)
  An endoplasm (D:1)
  A goblin (D:1)
  A bat (D:1)
  A frilled lizard (D:1)
  2 rats (D:1)
7 creatures vanquished.

Notes
Turn   | Place    | Note
-------+----------+-------------------------------------------
     0 | D:1      | Heoruswealwe the Deep Elf Earth Elementalist began the
                  | quest for the Orb.
     0 | D:1      | Reached XP level 1. HP: 10/10 MP: 6/6
     6 | D:1      | Noticed a centaur warrior
     6 | D:1      | Noticed an imperial myrmidon
     6 | D:1      | Noticed a tyrant leech
     6 | D:1      | Noticed an iguana
   245 | D:1      | Reached XP level 2. HP: 15/15 MP: 3/8
   248 | D:1      | Learned a level 2 spell: Passwall
   257 | D:1      | Slain by a gnoll

Illustrated notes

Levels and vault maps discovered:
D:1:      onia_arrival_zoo_common, layout_basic,
          chequers_ecumenical_altar_simple, serial_shops,
          nicolae_shop_waterfront, chequers_arboretum, corner_web_ring,
          minmay_pentomino_v2

Action                   || total
-------------------------++-------
 Cast: Sandblast         ||    16
Armor: Robe              ||     2
Dodge: Dodged            ||     3
